 Dungeon Crawl Stone Soup version 0.29.1-2-gbd0b4ee654 (webtiles) character file.

Game seed: 8774085449324078303

2984 Earthwalker the Blocker (level 9, -10/81 HPs)
             Began as a Minotaur Fighter on Oct 23, 2022.
             Was a Priest of Okawaru.
             Killed from afar by an acid dragon (26 damage)
             ... with a splash of acid
             ... on level 8 of the Dungeon.
             The game lasted 00:15:39 (6379 turns).

Earthwalker the Blocker (Minotaur Fighter)          Turns: 6379, Time: 00:15:41

Health: -10/81     AC:  4    Str: 31    XL:     9   Next: 53%
Magic:  8/8        EV: 11    Int:  5    God:    Okawaru [***...]
Gold:   398        SH:  5    Dex: 10    Spells: 8/8 levels left

rFire   x . .      SeeInvis .   e - +4 hand axe
rCold   + . .      Faith    .   c - +0 buckler
rNeg    . . .      Spirit   .   b - +0 scale mail
rPois   .          Reflect  .   (helmet restricted)
rElec   .          Harm     .   H - scarf {+Inv}
rCorr   .          Rampage  .   (no gloves)
Will    .....                   (no boots)
Stlth   ..........              i - amulet of regeneration
HPRegen 1.03/turn               j - ring of ice
MPRegen 0.11/turn               s - +6 ring of strength

@: corroded
A: horns 2, retaliatory headbutt
a: Renounce Religion, Evoke Invisibility, Heroism


You were on level 8 of the Dungeon.
You worshipped Okawaru.
Okawaru was most pleased with you.
You visited 1 branch of the dungeon, and saw 8 of its levels.
You also visited: Sewer.

You collected 426 gold pieces.
You spent 28 gold pieces at shops.

Inventory:

Hand Weapons
 a - a +0 war axe
 e - a +4 hand axe (weapon)
Missiles
 q - 5 poisoned darts (quivered)
Armour
 b - a +0 scale mail (worn)
 c - a +0 buckler (worn)
 H - a scarf of invisibility (worn)
Jewellery
 i - an amulet of regeneration (around neck)
 j - a ring of ice (left hand)
 s - a +6 ring of strength (right hand)
 F - a ring of magical power
Scrolls
 h - 2 scrolls of teleportation
 k - 2 scrolls of enchant armour
 l - 4 scrolls of magic mapping
 m - a scroll of amnesia
 u - 2 scrolls of fear
 v - a scroll of fog
 x - a scroll of noise
 y - 2 scrolls of enchant weapon {unknown}
 B - 2 scrolls of vulnerability {unknown}
 D - 2 scrolls of identify
 E - a scroll of poison {unknown}
 G - a scroll of silence {unknown}
Potions
 d - a potion of might
 f - a potion of brilliance {unknown}
 g - a potion of invisibility {unknown}
 n - 3 potions of magic {unknown}
 o - a potion of berserk rage {unknown}
 p - 2 potions of attraction {unknown}
 r - 2 potions of mutation {unknown}
 t - a potion of degeneration {unknown}
 w - a potion of heal wounds {unknown}
 z - 2 potions of curing {unknown}
 A - a potion of lignification {unknown}
 C - a potion of ambrosia {unknown}
 I - a potion of haste {unknown}


   Skills:
 * Level 8.0 Fighting
 * Level 7.5 Axes
 + Level 3.9 Throwing
 * Level 8.0 Armour
 + Level 4.5 Dodging
 * Level 8.0 Shields


You had 8 spell levels left.
You didn't know any spells.
Your spell library contained the following spells:

 Spells                   Type           Power      Damage    Failure   Level
 Shock                    Conj/Air       0%         1d3       77%         1
 Ensorcelled Hibernation  Hex/Ice        0%         N/A       88%         2
 Passwall                 Tmut/Erth      0%         N/A       88%         2
 Poisonous Vapours        Pois/Air       0%         N/A       88%         2
 Gell's Gravitas          Tloc           0%         N/A       98%         3
 Swiftness                Air            0%         N/A       98%         3
 Teleport Other           Tloc           0%         N/A       98%         3
 Airstrike                Air            0%         2d(0-16)  100%        4
 Corpse Rot               Necr/Pois/Air  0%         N/A       100%        4
 Dispersal                Tloc           0%         N/A       100%        6


Dungeon Overview and Level Annotations

Branches:
Dungeon (8/15)             Temple (0/1) D:4           Sewer (visited)
   Lair: D:8-11

Altars:
Hepliaklqana
Okawaru
Ru
Sif Muna
Vehumet
Wu Jian
Yredelemnul

Shops:
D:3 =   D:4 ?

Annotations:
D:7 3 runed translucent doors, gromov111999's ghost, novice SpHu
D:8 3 runed translucent doors, manix's ghost, novice TeCj


Innate Abilities, Weirdness & Mutations

You have a pair of horns on your head.
You reflexively headbutt those who attack you in melee.


Message History

You closely miss the orc. You barely miss the orc. You closely miss something.
You hit the acid dragon. You closely miss the orc.
You hit the acid dragon but do no damage.
You barely miss the orc. You miss something. The acid dragon barely misses you.
The acid dragon claws you. The orc completely misses you. Something hits you.
The orc closely misses you.
You barely miss the acid dragon.
The acid dragon is moderately wounded.
You completely miss the orc. You miss something.
You hit the orc but do no damage. The orc misses you.
The acid dragon bites you. The acid dragon closely misses you.
The orc hits you with a +0 club. Something hits you.
You bump into the rock wall.
Something hits you but does no damage. The acid dragon bites you!
The acid dragon claws you. The orc hits you with a +0 club.
* * * LOW HITPOINT WARNING * * *
The orc hits you but does no damage. The acid dragon spits acid at you.
The splash of acid misses you.
You miss the orc. You slash the orc!
You kill the orc!
Okawaru accepts your kill. The orc hits you with a +0 club.
* * * LOW HITPOINT WARNING * * *
You bump into the rock wall.
You feel less confused. The acid dragon bites you!
* * * LOW HITPOINT WARNING * * *
The acid dragon claws you.
* * * LOW HITPOINT WARNING * * *
The orc hits you but does no damage.
You hit the acid dragon but do no damage.
You headbutt the acid dragon!
The acid dragon is severely wounded.
You barely miss something. You closely miss the orc.
Something completely misses you. The acid dragon spits acid at you.
The splash of acid hits you!!
You die...

#......#.
#######....(.... .#
.[.#..#.#....#.##.
..(#..#.#....#.... .
(..+............# # ...
...+....#.#..#.##.#....
.♣.+....)........ .....
...#..."Do#..#.##.#...
..(#....#@#............
####...........##.#....
###..#..............
#..#.##...##.#..##
#..#.##...##.#..
#..#.##.......... .....
## #..#.##...##....#
..#..
....#..#.##...##.....
..#.#
#.###.#....##..........


You could see an acid dragon (catching breath) and an orc.

Vanquished Creatures
  A wraith (D:7)
  A steam dragon (D:7)
  An ice beast (D:5)
  3 black bears
  2 centaurs
  A phantom (D:4)
  2 gnoll sergeants
  A necrophage (D:7)
  4 bullfrogs
  2 scorpions
  6 wights (D:7)
  A howler monkey (D:7)
  A vampire bat (D:3)
  5 hounds
  7 orc priests
  10 orc wizards
  3 iguanas
  12 gnolls
  15 adders
  6 river rats
  A shadow imp (D:7)
  2 white imps (D:6)
  3 worms (D:2)
  3 dart slugs
  21 orcs
  17 ball pythons
  3 endoplasms
  3 giant cockroaches
  5 goblins
  6 hobgoblins
  7 kobolds
  4 quokkas
  11 bats
  9 frilled lizards
  31 rats
210 creatures vanquished.

Vanquished Creatures (others)
  An orc wizard (D:3)
  4 plants (D:3)
5 creatures vanquished.

Grand Total: 215 creatures vanquished

Notes
Turn   | Place    | Note
-------+----------+-------------------------------------------
     0 | D:1      | Earthwalker the Minotaur Fighter began the quest for the
                  | Orb.
     0 | D:1      | Reached XP level 1. HP: 19/19 MP: 0/0
   238 | D:1      | Found a faded altar of an unknown god.
   290 | D:1      | Reached XP level 2. HP: 27/27 MP: 1/1
   857 | D:2      | Reached skill level 1 in Dodging
   884 | D:2      | Reached XP level 3. HP: 33/33 MP: 2/2
  1310 | D:2      | Reached XP level 4. HP: 40/40 MP: 3/3
  1383 | D:3      | Noticed a black bear
  1390 | D:3      | Killed a black bear
  1391 | D:3      | Reached skill level 1 in Throwing
  1391 | D:3      | Reached XP level 5. HP: 47/47 MP: 4/4
  1509 | D:3      | Found Ynoant's Jewellery Emporium.
  1627 | D:3      | Found a glowing drain.
  1632 | Sewer    | Entered a sewer
  1816 | Sewer    | Reached XP level 6. HP: 52/53 MP: 5/5
  1826 | Sewer    | Reached skill level 5 in Shields
  1880 | Sewer    | Reached skill level 5 in Fighting
  1880 | Sewer    | Reached skill level 5 in Armour
  2126 | D:3      | Reached XP level 7. HP: 52/61 MP: 6/6
  2161 | D:3      | Found an iron altar of Okawaru.
  2164 | D:3      | Found a basalt altar of Yredelemnul.
  2165 | D:3      | Found a shimmering blue altar of Sif Muna.
  2166 | D:3      | Found an ornate altar of the Wu Jian Council.
  2166 | D:3      | Found a radiant altar of Vehumet.
  2170 | D:3      | Became a worshipper of Warmaster Okawaru
  2610 | D:4      | Reached skill level 5 in Axes
  2783 | D:4      | Found a sacrificial altar of Ru.
  2952 | D:4      | Found Supiolod's Magic Scroll Boutique.
  3078 | D:4      | Found a hazy altar of Hepliaklqana.
  3196 | D:4      | Found a staircase to the Ecumenical Temple.
  3426 | D:5      | Entered Level 5 of the Dungeon
  3531 | D:5      | Reached XP level 8. HP: 70/70 MP: 7/7
  3546 | D:5      | Reached * piety under Okawaru
  3983 | D:4      | Bought a scroll of identify for 28 gold pieces
  4347 | D:6      | Reached ** piety under Okawaru
  4842 | D:7      | Reached XP level 9. HP: 59/79 MP: 8/8
  5085 | D:7      | Identified the +1 helmet "Abaren" {rPois rC+ Slay-3}
  5253 | D:7      | Reached *** piety under Okawaru
  5426 | D:7      | Found a runed translucent gate.
  5428 | D:7      | Found a runed translucent gate.
  5428 | D:7      | Found a runed translucent gate.
  5432 | D:7      | Noticed gromov111999's ghost (novice SpHu)
  5432 | D:7      | Noticed a spectral unseen horror
  5519 | D:7      | Identified the +3 war axe of Aphoppie {pain, rF+ Int-2
                  | Dex+5 SInv}
  6360 | D:8      | Found a runed translucent gate.
  6360 | D:8      | Found a runed translucent gate.
  6360 | D:8      | Found a runed translucent gate.
  6363 | D:8      | Noticed manix's ghost (novice TeCj)
  6379 | D:8      | Killed from afar by an acid dragon

Illustrated notes

Levels and vault maps discovered:
D:1:      wander_arrival_abandoned_jail, layout_loops_ring,
          ebering_ecumenical_altar_hall
D:2:      wad_river_or_something, layout_rooms
D:3:      layout_loops_ring, grunt_temple_overflow_open, gup_sewer_entry_bowl,
          serial_shops, shop, serial_park_tiny_1,
          corexii_item_surrounded_by_moat, minmay_misc_feat_rows,
          roderic_batcave, nicolae_grassy_gnolls
D:4:      layout_basic, nicolae_ru_awakened_eye,
          mainiacjoe_overflow_surrounded_room, minmay_temple_entry_poolview,
          nicolae_take_the_stairs
D:5:      layout_cave_pools
D:6:      layout_gridville
D:7:      layout_basic, gammafunk_ghost_necromancy
D:8:      layout_basic, elyvilon_altar_1, mainiacjoe_overflow_large_starburst,
          ebering_ghost_rock_garden, abandoned_shop, minmay_mini_ossuary

Skill      XL: |  1  2  3  4  5  6  7  8  9 |
---------------+----------------------------+-----
Dodging        | 1 2 3 4 |  4.5
Fighting       | 4 5 6 7 8 |  8.0
Axes           | 3 4 5 6 7 |  7.5
Armour         | 4 5 6 7 8 |  8.0
Shields        | 4 5 6 7 8 |  8.0
Throwing       | 1 2 3 |  3.9

Action                   |  1- 3 |  4- 6 |  7- 9 || total
-------------------------+-------+-------+-------++-------
Melee: War axe           |   105 |   150 |   166 ||   421
       Headbutt          |    17 |    18 |    64 ||    99
       Hand axe          |       |       |   148 ||   148
Throw: Dart              |       |     2 |    38 ||    40
  Use: Scroll            |       |       |     7 ||     7
Armor: Scale mail        |    58 |    91 |   142 ||   291
Dodge: Dodged            |    47 |    89 |   141 ||   277
Block: Buckler           |    22 |    37 |    70 ||   129
